AoeStats
← NoWallNoSkill5578

Arena

508940402Analyzed
1v1 RM · 6d ago on Sep 24, 2026· 50m 59s· 2 players
Game mode
Random Map
Map size
Tiny (2 player)
Population
200
Speed
Normal
Resources
Standard
Victory
Conquest
Starting age
Dark Age
Ending age
Imperial Age
RankedLock teamsTeams togetherTeam positionsShared explorationLock speedFull tech treeHidden civsTurbo modeCheats
Victory
Defeat
🇫🇷 Romans · France
1224
+38
🇬🇧 Saxons · United Kingdom
1201
-15
azstephens88
10:49 Feudal Age
10:09 Loom
14:34 Castle Age
16:15 Double-Bit Axe
17:45 Scale Mail Armor
20:46 Forging
21:50 Bow Saw
21:56 Horse Collar
24:13 Gold Mining
27:51 Wheelbarrow
30:04 Chain Mail Armor
30:24 Iron Casting
33:40 Imperial Age
31:48 Fletching
32:39 Gold Shaft Mining
33:52 Shield Wall
35:24 Masonry
37:44 Hand Cart
38:17 Scale Barding Armor
38:38 Heavy Plow
39:13 Bloodlines
39:51 Chain Barding Armor
39:00 Cavalier
40:56 Conscription
41:12 Husbandry
42:17 Elite Hearth Troop
44:07 Plate Mail Armor
47:33 Bodkin Arrow
48:01 Town Watch
49:49 Two-Man Saw
50:46 Bracer
NoWallNoSkill5578
6:19 Loom
8:55 Feudal Age
9:39 Double-Bit Axe
13:44 Fletching
14:48 Horse Collar
14:59 Gold Mining
20:52 Castle Age
21:51 Bow Saw
22:05 Heavy Plow
25:42 Wheelbarrow
27:05 Redemption
26:48 Stone Mining
32:31 Imperial Age
30:19 Hand Cart
31:29 Ballistics
31:20 Bodkin Arrow
32:57 Gold Shaft Mining
32:49 Man-at-Arms
33:30 Squires
33:33 Scale Mail Armor
34:24 Ballistas
34:31 Heavy Scorpion
34:52 Capped Ram
37:23 Chemistry
35:52 Long Swordsman
36:48 Chain Mail Armor
37:40 Comitatenses
38:08 Siege Engineers
39:04 Siege Ram
43:03 Forging
42:23 Legionary
42:48 Onager
44:43 Iron Casting
44:32 Conscription
46:33 Blast Furnace
48:48 Crop Rotation
49:37 Pikeman
Connection lost

Rejoining the realm…

Still unreachable

The connection could not be restored.

Session expired

The server has moved on; the page needs a fresh start.